[Event "December 12 Early 2023"]
[Site "https://www.chess.com"]
[Date "2023.12.12"]
[Round "10"]
[White "Zhigalko, Sergei"]
[Black "Rasulov, Vugar"]
[Result "1-0"]
[Board "9"]
[TimeControl "180+1"]
[WhiteFideId "13502956"]
[BlackFideId "13402390"]
[WhiteElo "2954"]
[BlackElo "2903"]
[WhiteTeam "BLR"]
[BlackTeam "AZE"]
[WhiteClock "0:00:05"]
[BlackClock "0:00:00"]

1. e4 e5 2. Nf3 d6 3. d4 exd4 4. Qxd4 Nc6 5. Bb5 Bd7 6. Bxc6 Bxc6 7. Nc3 Nf6 8. Bg5 Be7 9. O-O-O O-O 10. Rhe1 Nd7 11. Bxe7 Qxe7 12. Qd2 Nc5 13. Nd4 Ne6 14. Nd5 Qd8 15. Nf5 Re8 16. h4 Nc5 17. Qc3 f6 18. Qg3 g6 19. h5 g5 20. f3 Kh8 21. Qf2 Bxd5 22. Rxd5 Ne6 23. h6 Qd7 24. Qd2 Nf4 25. Rd4 Re5 26. Ne3 Rae8 27. Rd1 Qf7 28. Kb1 Kg8 29. Rc4 d5 30. Ra4 c6 31. b3 a6 32. Ng4 R5e6 33. Qc3 Rf8 34. g3 Nh5 35. exd5 cxd5 36. Rad4 Nxg3 37. Rxd5 Ne2 38. Qd2 Nf4 39. Rd7 Re7 40. Rxe7 Qxe7 41. Qd4 Qe6 42. a4 Ne2 43. Qd3 Nf4 44. Qd4 Kf7 45. Qb4 Qe7 46. Rd6 Kg6 47. Qd4 Ne2 48. Ne5+ Kh5 49. Qg4+ Kxh6 50. Qh3+ Kg7 51. Rd7 Re8 52. Rxe7+ Rxe7 53. Ng4 Kf7 54. Qxh7+ Ke6 55. Qe4+ Kf7 56. Qf5 Re6 57. Qh7+ Ke8 58. Qxb7 Nf4 59. Kb2 Kf8 60. a5 f5 61. Nf2 Re7 62. Qxa6 Kf7 63. Qc4+ Kf6 64. Nd3 Ne6 65. Qc3+ Kg6 66. a6 Rc7 67. Ne5+ Kf6 68. Nc6+ Kg6 69. a7 1-0

[Event "December 12 Early 2023"]
[Site "https://www.chess.com"]
[Date "2023.12.12"]
[Round "10"]
[White "Alexandre, Anne Shopie Elizabeth"]
[Black "Zakhartsov, Vladimir"]
[Result "1/2-1/2"]
[Board "10"]
[TimeControl "180+1"]
[WhiteFideId "11902418"]
[BlackFideId "4145097"]
[WhiteElo "2815"]
[BlackElo "2931"]
[WhiteTeam "HAI"]
[BlackTeam "RUS"]
[WhiteClock "0:01:06"]
[BlackClock "0:00:48"]

1. e4 c5 2. Nf3 Nc6 3. Bb5 g6 4. O-O Bg7 5. Re1 e5 6. Bxc6 bxc6 7. c3 Ne7 8. d4 cxd4 9. cxd4 exd4 10. Nxd4 O-O 11. Nc3 Bb7 12. Be3 d5 13. exd5 Nxd5 14. Nxd5 Qxd5 15. Qb3 c5 16. Nf3 Qxb3 17. axb3 Bxf3 18. gxf3 Bxb2 19. Bxc5 Rfc8 20. Rxa7 Rab8 21. b4 Bc3 22. Ree7 Bxb4 23. Bxb4 Rxb4 24. Rxf7 Rh4 25. Kg2 Rh5 26. Rg7+ Kh8 27. f4 Rf8 28. Rgf7 Rc8 29. Kg3 Kg8 30. Rfd7 Rf8 31. h4 Kh8 32. Re7 Kg8 33. Re5 Rhf5 34. Ra4 R5f7 35. h5 Kg7 36. hxg6 hxg6 37. Rd4 Ra8 38. Rg5 Ra3+ 39. f3 Ra6 40. Re4 Kh6 41. Rg4 Rf5 42. Re5 Ra1 43. Rxf5 gxf5 44. Rh4+ Kg6 45. Rh2 Ra4 46. Re2 Kf6 47. Rg2 Rb4 48. Rf2 Rb8 49. Rg2 Rg8+ 50. Kf2 Ra8 51. Rg5 Ra1 52. Kg3 Rg1+ 53. Kh4 Rh1+ 54. Kg3 Rg1+ 55. Kh4 Rf1 56. Kg3 Rh1 57. Kg2 Rh4 58. Kg3 Rh1 59. Kf2 Rh4 60. Kg3 Rh1 1/2-1/2

[Event "December 12 Early 2023"]
[Site "https://www.chess.com"]
[Date "2023.12.12"]
[Round "10"]
[White "Harsha Bharathakoti"]
[Black "Weetik, Vjacheslav"]
[Result "1-0"]
[Board "11"]
[TimeControl "180+1"]
[WhiteFideId "5078776"]
[BlackFideId "4153472"]
[WhiteElo "2904"]
[BlackElo "2785"]
[WhiteTeam "IND"]
[BlackTeam "RUS"]
[WhiteClock "0:00:43"]
[BlackClock "0:00:10"]

1. d4 Nf6 2. Bg5 d5 3. Bxf6 gxf6 4. e3 c5 5. Nf3 Nc6 6. c4 cxd4 7. cxd5 Qxd5 8. Nc3 Qa5 9. Nxd4 Bd7 10. Bb5 Rd8 11. Nxc6 bxc6 12. Bc4 Rg8 13. g3 h5 14. Qb3 e6 15. O-O-O f5 16. Rd3 Be7 17. Rhd1 Bc8 18. Qb8 Bd7 19. Qb7 Bc8 20. Qxc6+ Kf8 21. Rxd8+ Bxd8 22. Qxc8 Kg7 23. Qa6 Qc7 24. Bxe6 Bf6 25. Rd7 1-0

[Event "December 12 Early 2023"]
[Site "https://www.chess.com"]
[Date "2023.12.12"]
[Round "10"]
[White "Novozhilov, Semen"]
[Black "Materia, Marco"]
[Result "0-1"]
[Board "12"]
[TimeControl "180+1"]
[WhiteFideId "24289167"]
[BlackFideId "45150451"]
[WhiteElo "2775"]
[BlackElo "2843"]
[WhiteTeam "RUS"]
[BlackTeam "FRA"]
[WhiteClock "0:00:05"]
[BlackClock "0:00:21"]

1. d4 Nf6 2. Nf3 d5 3. c4 e6 4. g3 Be7 5. Bg2 O-O 6. O-O Nbd7 7. Qc2 c6 8. Nbd2 b6 9. e4 dxe4 10. Nxe4 Bb7 11. Rd1 Qc8 12. Bf4 Nxe4 13. Qxe4 c5 14. d5 Bf6 15. Qc2 exd5 16. cxd5 Re8 17. Ng5 Nf8 18. Ne4 Qf5 19. Qc4 Be5 20. Nd6 Bxd6 21. Bxd6 Rad8 22. Bf4 Ng6 23. Bc7 Rc8 24. d6 Ne5 25. Bxb7 Nxc4 26. Bxc8 Rxc8 27. d7 Rd8 28. Bxd8 Ne5 29. Bxb6 Nxd7 30. Bxa7 h5 31. f4 h4 32. a4 Nf6 33. a5 hxg3 34. hxg3 Qg4 35. Rd8+ Kh7 36. Rd3 Qe2 37. Rad1 Ne4 38. a6 Nf2 39. R1d2 Qe1+ 40. Kg2 Nxd3 41. Rc2 Qd1 42. Rc3 Qe2+ 43. Kh3 Nf2+ 44. Kg2 Ne4+ 45. Kh3 Nxc3 46. bxc3 Qxa6 47. Bxc5 Qh6+ 48. Kg2 Qc6+ 0-1

[Event "December 12 Early 2023"]
[Site "https://www.chess.com"]
[Date "2023.12.12"]
[Round "10"]
[White "Bortnyk, Olexandr"]
[Black "Matinian, Nikita"]
[Result "0-1"]
[Board "13"]
[TimeControl "180+1"]
[WhiteFideId "14120828"]
[BlackFideId "24129100"]
[WhiteElo "2998"]
[BlackElo "2780"]
[WhiteTeam "UKR"]
[BlackTeam "FID"]
[WhiteClock "0:02:39"]
[BlackClock "0:00:06"]

1. e4 c5 2. c3 d5 3. exd5 Qxd5 4. d4 Nf6 5. Be3 cxd4 6. cxd4 e6 7. Nc3 Bb4 8. Nf3 Nc6 9. Bd3 O-O 10. O-O Bxc3 11. bxc3 b6 12. h3 Bb7 13. Qe2 Rac8 14. Rab1 Rfe8 15. Rb5 Qd8 16. Rg5 Ne7 17. Ne5 Rxc3 18. Qd2 Rxd3 19. Qxd3 Be4 20. Qa3 h6 21. Rg3 Nf5 22. Qxa7 Re7 23. Qa3 Nxg3 24. fxg3 Rc7 25. g4 Qa8 26. Qxa8+ Bxa8 27. Rf2 Nd5 28. Bd2 Ra7 29. Bc1 f6 30. Nd3 Nc3 31. Nb4 Ra4 32. a3 Nb5 33. Rc2 Be4 34. Rc8+ Kh7 35. Re8 Nxd4 36. Bb2 Ne2+ 37. Kf2 Nf4 38. Ke3 Bg6 39. Re7 Rxb4 40. Rxg7+ Kxg7 41. axb4 Nd5+ 42. Kd4 Nxb4 43. Kc4 Nd3 44. Bd4 Nf4 45. Bxb6 Nxg2 46. Bc7 e5 47. Bd8 Nf4 48. h4 Bf7+ 49. Kc3 Ng2 50. g5 fxg5 51. hxg5 h5 52. Bf6+ Kg6 53. Bxe5 Kxg5 54. Bg3 Kg4 55. Bf2 Kf3 56. Bg1 h4 57. Bh2 h3 58. Kd4 Nf4 59. Ke5 Ne2 60. Kf6 Kg2 61. Be5 Ng3 62. Bxg3 Kxg3 63. Kxf7 h2 0-1

[Event "December 12 Early 2023"]
[Site "https://www.chess.com"]
[Date "2023.12.12"]
[Round "10"]
[White "Sychev, Klementy"]
[Black "Vakhlamov, Igor L."]
[Result "1-0"]
[Board "14"]
[TimeControl "180+1"]
[WhiteFideId "4114060"]
[BlackFideId "24126748"]
[WhiteElo "2937"]
[BlackElo "2844"]
[WhiteTeam "FID"]
[BlackTeam "RUS"]
[WhiteClock "0:00:07"]
[BlackClock "0:00:06"]

1. e4 c5 2. Nc3 e6 3. f4 a6 4. Nf3 Nc6 5. g3 d5 6. d3 dxe4 7. Nxe4 Nf6 8. Nxf6+ Qxf6 9. Bg2 Bd6 10. O-O O-O 11. Ng5 Qd8 12. Be3 Rb8 13. c3 Ne7 14. Ne4 b5 15. Nxc5 b4 16. Ne4 bxc3 17. bxc3 Bb7 18. Rb1 Bd5 19. Qa4 Nf5 20. Bf2 Qc7 21. c4 Bc6 22. Qxc6 Qxc6 23. Nf6+ gxf6 24. Bxc6 Rbc8 25. Bb7 Rc7 26. a4 a5 27. Be4 Ne7 28. Rb5 f5 29. Bf3 Bb4 30. Bb6 Rd7 31. Rd1 Rb8 32. Kf1 Nc8 33. Be3 Rxb5 34. axb5 a4 35. b6 Bd6 36. c5 a3 37. b7 Na7 38. cxd6 Nc6 39. Bxc6 a2 40. Bxd7 a1=Q 41. Rxa1 e5 42. b8=Q+ Kg7 43. fxe5 Kg6 44. Qh8 Kh5 45. Qxh7+ Kg4 46. Qxf5# 1-0

[Event "December 12 Early 2023"]
[Site "https://www.chess.com"]
[Date "2023.12.12"]
[Round "10"]
[White "Shankland, Sam"]
[Black "Dragun, Kamil"]
[Result "1-0"]
[Board "15"]
[TimeControl "180+1"]
[WhiteFideId "2004887"]
[BlackFideId "1134167"]
[WhiteElo "2923"]
[BlackElo "2804"]
[WhiteTeam "USA"]
[BlackTeam "POL"]
[WhiteClock "0:00:54"]
[BlackClock "0:00:00"]

1. d4 d5 2. c4 c6 3. Nc3 Nf6 4. e3 e6 5. Nf3 Nbd7 6. Be2 Bd6 7. O-O O-O 8. b3 b6 9. Bb2 Bb7 10. Bd3 Rc8 11. Rc1 Re8 12. Re1 c5 13. cxd5 exd5 14. Qe2 Ne4 15. Red1 Qe7 16. dxc5 bxc5 17. Ba6 Bxa6 18. Qxa6 Nxc3 19. Bxc3 Nb6 20. Ba5 Qe6 21. Qd3 c4 22. Qd2 Ba3 23. Rc2 Qe4 24. Nd4 Bc5 25. Rcc1 Bxd4 26. Qxd4 Qxd4 27. exd4 f6 28. Kf1 Kf7 29. Rc3 Re6 30. Rdc1 Re4 31. Rd1 Rc6 32. f3 Re7 33. Bb4 Rec7 34. Bc5 cxb3 35. axb3 Nd7 36. b4 Rb7 37. Ra1 a6 38. Ke2 Nxc5 39. bxc5 Rb2+ 40. Kf1 Rb4 41. Rd3 g5 42. Rd2 h5 43. g3 Kg6 44. Kg2 Kf5 45. h3 Rc4 46. g4+ hxg4 47. hxg4+ Kf4 48. Re1 f5 49. gxf5 Kxf5 50. Re5+ Kf4 51. Rxd5 a5 52. Re2 1-0

[Event "December 12 Early 2023"]
[Site "https://www.chess.com"]
[Date "2023.12.12"]
[Round "10"]
[White "Yuan, Qingyu"]
[Black "Durarbayli, Vasif"]
[Result "0-1"]
[Board "16"]
[TimeControl "180+1"]
[WhiteFideId "8609772"]
[BlackFideId "13402935"]
[WhiteElo "2794"]
[BlackElo "2906"]
[WhiteTeam "CHN"]
[BlackTeam "AZE"]
[WhiteClock "0:00:00"]
[BlackClock "0:00:09"]

1. e4 e5 2. Nf3 Nc6 3. Bb5 a6 4. Ba4 Nf6 5. d3 b5 6. Bb3 Bc5 7. Nc3 d6 8. Nd5 h6 9. c3 Rb8 10. d4 Ba7 11. Be3 Ng4 12. dxe5 Bxe3 13. Nxe3 Nxe3 14. fxe3 Nxe5 15. Nxe5 dxe5 16. Qxd8+ Kxd8 17. Bxf7 Ke7 18. Bd5 Rf8 19. Rf1 Rxf1+ 20. Kxf1 Rb6 21. Rd1 b4 22. cxb4 Rxb4 23. b3 Bd7 24. Ke1 a5 25. Kd2 a4 26. Rf1 axb3 27. axb3 Be6 28. Kc3 c5 29. Ra1 Bxd5 30. exd5 Kd6 31. Ra7 Rg4 32. g3 Kxd5 33. Kd3 h5 34. e4+ Kc6 35. Ra6+ Kb5 36. Re6 h4 37. gxh4 Rxh4 38. Rxe5 Rh3+ 39. Kc2 Rxh2+ 40. Kc3 Rh3+ 41. Kc2 Kb4 42. Rg5 Rc3+ 43. Kd2 Kxb3 44. Rxg7 Rc2+ 45. Kd1 c4 46. Rg3+ c3 47. Rg8 Rb2 48. Rb8+ Ka2 49. Ra8+ Kb1 50. Rc8 c2+ 51. Ke2 c1=Q+ 52. Kf3 Qxc8 53. Kf4 Rb4 0-1

[Event "December 12 Early 2023"]
[Site "https://www.chess.com"]
[Date "2023.12.12"]
[Round "10"]
[White "Atakhan, Abtin"]
[Black "Steinberg, Nitzan"]
[Result "0-1"]
[Board "17"]
[TimeControl "180+1"]
[WhiteFideId "22502203"]
[BlackFideId "2801795"]
[WhiteElo "2758"]
[BlackElo "2891"]
[WhiteTeam "IRI"]
[BlackTeam "ISR"]
[WhiteClock "0:00:09"]
[BlackClock "0:01:40"]

1. c4 e6 2. Nc3 d5 3. d4 c5 4. cxd5 cxd4 5. Qxd4 Nc6 6. Qd1 exd5 7. Qxd5 Bd6 8. Nf3 Nf6 9. Qd1 O-O 10. e3 Qe7 11. Be2 Rd8 12. Bd2 Bf5 13. Qa4 Nb4 14. O-O Bc2 15. Qb5 h6 16. a3 a6 17. Qb6 Bc5 18. Qxd8+ Rxd8 19. axb4 Bxb4 20. Rfc1 Bf5 21. Bf1 Bg4 22. Nd4 Bc5 23. Ra4 Bd7 24. Raa1 h5 25. Nf3 Bc6 26. Nd4 Bd7 27. Be1 h4 28. Nce2 Bd6 29. Nf4 Ng4 30. Rc3 g5 31. Nd5 Qe5 0-1

[Event "December 12 Early 2023"]
[Site "https://www.chess.com"]
[Date "2023.12.12"]
[Round "10"]
[White "Xu, Yi"]
[Black "Szpar, Milosz"]
[Result "0-1"]
[Board "18"]
[TimeControl "180+1"]
[WhiteFideId "8605564"]
[BlackFideId "1184989"]
[WhiteElo "2876"]
[BlackElo "2884"]
[WhiteTeam "CHN"]
[BlackTeam "POL"]
[WhiteClock "0:00:04"]
[BlackClock "0:00:06"]

1. e4 e6 2. d4 d5 3. e5 c5 4. c3 Nc6 5. Nf3 Bd7 6. Be2 Nge7 7. O-O cxd4 8. cxd4 Nf5 9. Nc3 a6 10. a3 Rc8 11. g4 Nh4 12. Nxh4 Qxh4 13. Be3 f6 14. f4 Be7 15. Qd2 O-O 16. exf6 gxf6 17. Kh1 Kh8 18. Bf3 Bd6 19. Qg2 Na5 20. Rae1 Nc4 21. Bc1 Nxa3 22. f5 exf5 23. Bxd5 Nb5 24. Bd2 Rg8 25. Bxg8 Rxg8 26. Nxb5 axb5 27. d5 Rxg4 28. Qf2 Qh5 29. Rg1 f4 30. Rg2 Qxd5 31. Rg1 Rxg2 32. Qxg2 Bc6 33. h3 Qxg2+ 34. Rxg2 Bxg2+ 35. Kxg2 Kg7 36. Kf3 f5 37. Bc3+ Kf7 38. h4 h5 39. Bd4 Ke6 40. b3 Be5 41. Bc5 Kd5 42. Bb6 Ke6 43. Bf2 Bd6 44. Bd4 Bc7 45. Bf2 Kd5 46. Bg1 b6 47. Bf2 Ke5 48. Bg1 Bd8 49. Bf2 Bc7 50. Bg1 Ke6 51. Bf2 Kd7 52. Bd4 Kc6 53. Bf2 Bd6 54. Bd4 Bc5 55. Be5 Be3 56. Bc3 Kd5 57. Bb2 Bd4 58. Ba3 Be5 59. Bb4 Kd4 60. Bd2 Kd3 61. Be1 Kc2 62. b4 Kb3 63. Bf2 Kc4 64. Bxb6 Kxb4 65. Bd8 Kc4 66. Be7 b4 67. Ke2 b3 68. Kd2 f3 69. Bg5 f2 70. Ke2 b2 0-1

[Event "December 12 Early 2023"]
[Site "https://www.chess.com"]
[Date "2023.12.12"]
[Round "10"]
[White "Tologon tegin, Semetei"]
[Black "Samunenkov, Ihor"]
[Result "0-1"]
[Board "19"]
[TimeControl "180+1"]
[WhiteFideId "13800574"]
[BlackFideId "14187086"]
[WhiteElo "2666"]
[BlackElo "2758"]
[WhiteTeam "KGZ"]
[BlackTeam "UKR"]
[WhiteClock "0:00:02"]
[BlackClock "0:00:18"]

1. d4 Nf6 2. Nc3 d5 3. Bf4 e6 4. Nb5 Na6 5. e3 Be7 6. Nf3 O-O 7. h3 Ne4 8. a3 c6 9. Nc3 Qa5 10. Bxa6 Nxc3 11. Qd2 Qxa6 12. Qxc3 Bd7 13. Qd3 Qxd3 14. cxd3 f6 15. O-O g5 16. Bh2 Be8 17. Nd2 Bg6 18. e4 dxe4 19. Nxe4 Rfd8 20. Nc5 Bxc5 21. dxc5 e5 22. Rfd1 Bxd3 23. f3 Rd5 24. Bg3 Bc2 25. Rxd5 cxd5 26. Rc1 Ba4 27. b4 d4 28. Be1 Kf7 29. Kf2 h5 30. Ke2 h4 31. Kd2 Ke6 32. Bf2 Kd5 33. Kd3 f5 34. Re1 e4+ 35. fxe4+ fxe4+ 36. Kd2 e3+ 37. Bxe3 dxe3+ 38. Rxe3 Rf8 39. g3 Rf2+ 40. Ke1 Rh2 41. gxh4 gxh4 42. Rf3 Bd7 43. Rf7 Kc6 44. Rf6+ Kc7 45. Rf7 Rxh3 46. b5 Rxa3 47. Rh7 h3 48. Kf2 Rb3 49. c6 bxc6 50. bxc6 Kxc6 51. Rh6+ Kc7 52. Kg1 Rb1+ 53. Kh2 Rb2+ 54. Kg3 Rg2+ 55. Kf3 Bc6+ 56. Ke3 h2 57. Kd4 Rd2+ 58. Kc5 Rc2+ 59. Kb4 h1=Q 60. Rxc6+ Qxc6 61. Ka3 Qc3+ 62. Ka4 Ra2+ 63. Kb5 Ra5# 0-1

[Event "December 12 Early 2023"]
[Site "https://www.chess.com"]
[Date "2023.12.12"]
[Round "10"]
[White "Zemlyanskii, Ivan"]
[Black "BestStelker"]
[Result "0-1"]
[Board "20"]
[TimeControl "180+1"]
[WhiteFideId "24249971"]
[WhiteElo "3019"]
[BlackElo "2691"]
[WhiteTeam "RUS"]
[WhiteClock "0:00:02"]
[BlackClock "0:00:06"]

1. d4 Nf6 2. c4 g6 3. h4 d5 4. cxd5 Bg7 5. Qa4+ Nbd7 6. Nc3 O-O 7. e4 Nb6 8. Qd1 e6 9. dxe6 Bxe6 10. Be2 Re8 11. Be3 Nc4 12. Bxc4 Bxc4 13. f3 Nh5 14. Nge2 f5 15. e5 c5 16. f4 Qb6 17. Qa4 Bxe2 18. Nxe2 Qxb2 19. Rd1 b5 20. Qa5 cxd4 21. Bxd4 Qc2 22. Qxb5 Qxa2 23. Kf2 Nxf4 24. Rhe1 Qd5 25. Qxd5+ Nxd5 26. e6 Bxd4+ 27. Rxd4 Nf6 28. Nf4 Ne4+ 29. Kf3 Rad8 30. Ra4 Re7 31. Rexe4 fxe4+ 32. Kxe4 Rd6 33. Ke5 Rb6 34. Kf6 Kf8 35. Rd4 Rb8 36. Ke5 Rb5+ 37. Ke4 Rb6 38. Ke5 Rb5+ 39. Nd5 Re8 40. Rf4+ Kg8 41. Rf7 Rf8 42. Kd6 Rxf7 43. exf7+ Kxf7 44. Ne3 Rb3 45. Nd5 Rb2 46. g4 a5 47. g5 Rd2 48. Ke5 Rxd5+ 49. Kxd5 a4 0-1

[Event "December 12 Early 2023"]
[Site "https://www.chess.com"]
[Date "2023.12.12"]
[Round "10"]
[White "Chigaev, Maksim"]
[Black "Adla, Diego"]
[Result "1/2-1/2"]
[Board "21"]
[TimeControl "180+1"]
[WhiteFideId "4108116"]
[BlackFideId "100072"]
[WhiteElo "2912"]
[BlackElo "2683"]
[WhiteTeam "ESP"]
[BlackTeam "ARG"]
[WhiteClock "0:00:10"]
[BlackClock "0:00:18"]

1. d4 Nf6 2. c4 e6 3. g4 d5 4. g5 Ne4 5. Bg2 Nxg5 6. Nc3 c6 7. h4 Ne4 8. Nxe4 dxe4 9. Bxe4 Bb4+ 10. Bd2 Qa5 11. a3 Bxd2+ 12. Qxd2 Qxd2+ 13. Kxd2 Nd7 14. f4 Ke7 15. e3 Rd8 16. Ne2 c5 17. Kc3 Rb8 18. b4 b6 19. Rab1 Nf6 20. Bf3 Bd7 21. dxc5 bxc5 22. b5 Bc8 23. Rhd1 Bb7 24. Bxb7 Rxb7 25. Ng3 Rbd7 26. Rxd7+ Rxd7 27. a4 Kd8 28. a5 Kc7 29. h5 g6 30. h6 Kb7 31. Re1 Kc7 32. e4 Rd4 33. Re2 Ng4 34. e5 Rxf4 35. Ne4 Rf3+ 36. Kc2 Nxe5 37. Ng5 Rf5 38. Nxh7 Ng4 39. Nf8 Nxh6 40. Rd2 Ng4 41. Rd7+ Kc8 42. Rxa7 Rf2+ 43. Kc3 Rf3+ 44. Kd2 Rb3 45. b6 Ne5 46. Kc2 Rb4 47. Rc7+ Kb8 48. Re7 g5 49. Nd7+ Nxd7 50. Rxd7 g4 51. Kc3 g3 52. Rxf7 g2 53. Rg7 Ra4 54. Rxg2 Rxa5 55. Rg6 Kb7 56. Rxe6 Ra3+ 57. Kc2 Ra6 58. Kd3 Rxb6 59. Rxb6+ Kxb6 60. Kc3 Ka5 61. Kb3 Kb6 62. Ka4 Ka6 63. Ka3 Kb6 64. Kb3 Ka5 65. Ka3 Kb6 66. Kb3 Ka6 67. Ka3 Ka5 68. Kb3 Kb6 69. Ka3 Ka5 70. Kb3 1/2-1/2

[Event "December 12 Early 2023"]
[Site "https://www.chess.com"]
[Date "2023.12.12"]
[Round "10"]
[White "Indjic, Aleksandar"]
[Black "Goltsev, Dmitry"]
[Result "1-0"]
[Board "22"]
[TimeControl "180+1"]
[WhiteFideId "911925"]
[BlackFideId "24176710"]
[WhiteElo "2904"]
[BlackElo "2677"]
[WhiteTeam "SRB"]
[BlackTeam "RUS"]
[WhiteClock "0:00:23"]
[BlackClock "0:00:00"]

1. e4 e6 2. d3 d5 3. Nd2 Bc5 4. c3 dxe4 5. d4 Bb6 6. Nxe4 Nf6 7. Nxf6+ Qxf6 8. Nf3 Nc6 9. Bg5 Qf5 10. Bd3 Qa5 11. O-O h6 12. Bf4 g5 13. Bg3 h5 14. h4 g4 15. Ne5 Ne7 16. Re1 Qd5 17. a4 a5 18. Qe2 c6 19. Nc4 Qd8 20. Qe5 Rf8 21. Qxh5 Bc7 22. Bxc7 Qxc7 23. Qxg4 Bd7 24. Qg5 Rg8 25. Qe5 Qxe5 26. dxe5 Nd5 27. g3 Ke7 28. Be4 Rg4 29. Kh2 f5 30. exf6+ Nxf6 31. f3 Rg7 32. Ne5 Be8 33. g4 Rd8 34. Re2 Nxe4 35. Rxe4 Rd2+ 36. Kg3 Rxb2 37. Nc4 Rc2 38. Re3 b5 39. Nxa5 Rf7 40. axb5 cxb5 41. Nb3 Bd7 42. Nd4 Rd2 43. Ra7 Kd6 44. Ra6+ Kd5 45. Nxe6 Bxe6 46. Raxe6 Kc4 47. R6e4+ Kc5 48. h5 Rd6 49. Rf4 Ra7 50. Rf5+ Kc4 51. Re4+ Kxc3 52. Rc5+ Kd3 53. Rxb5 Ra1 54. Rf5 Rg1+ 55. Kf4 Ra6 56. Rd5+ Kc3 57. Kf5 Rf1 58. f4 Rh1 59. Re6 Ra4 60. Rc6+ Kb2 61. Rb5+ Ka1 62. Rcb6 Rf1 63. Rb4 Ra5+ 64. R6b5 Ra2 65. g5 Ra6 66. h6 Ra2 67. Kg6 Rb2 68. Rxb2 Rxf4 69. R2b4 Rf2 70. Ra4+ Ra2 71. Rxa2+ Kxa2 72. h7 Ka3 73. h8=Q 1-0

[Event "December 12 Early 2023"]
[Site "https://www.chess.com"]
[Date "2023.12.12"]
[Round "10"]
[White "Nagare Kaivalya Sandip"]
[Black "Ashraf, Artin"]
[Result "0-1"]
[Board "23"]
[TimeControl "180+1"]
[WhiteFideId "25957929"]
[BlackFideId "22514805"]
[WhiteElo "2688"]
[BlackElo "2898"]
[WhiteTeam "IND"]
[BlackTeam "IRI"]
[WhiteClock "0:00:23"]
[BlackClock "0:01:43"]

1. e4 c5 2. Nf3 d6 3. d4 cxd4 4. Nxd4 Nf6 5. Nc3 e6 6. g4 h6 7. Rg1 a6 8. Be3 b5 9. Bd3 Bb7 10. f3 Nbd7 11. a4 b4 12. Nce2 d5 13. exd5 Nxd5 14. Nxe6 Qe7 15. Bd4 Qxe6 16. Bf5 Qc6 17. Kf2 O-O-O 18. c4 Nf6 19. Nf4 Bc5 20. Nd5 Nxd5 21. cxd5 Qxd5 22. Rc1 Kb8 23. Bxc5 Nxc5 24. Qc2 Qxf3+ 0-1

[Event "December 12 Early 2023"]
[Site "https://www.chess.com"]
[Date "2023.12.12"]
[Round "10"]
[White "Ilamparthi A R"]
[Black "DHLT216"]
[Result "0-1"]
[Board "24"]
[TimeControl "180+1"]
[WhiteFideId "45015775"]
[WhiteElo "2876"]
[BlackElo "2666"]
[WhiteTeam "IND"]
[WhiteClock "0:00:06"]
[BlackClock "0:00:04"]

1. e4 c5 2. Nf3 d6 3. d4 cxd4 4. Nxd4 Nf6 5. Nc3 a6 6. h3 g6 7. Be3 Bg7 8. Qd2 Nc6 9. O-O-O Bd7 10. Kb1 Rc8 11. Nb3 b5 12. f3 Ne5 13. h4 h5 14. Bg5 O-O 15. Nd4 b4 16. Nd5 Nxd5 17. exd5 a5 18. Re1 Qb6 19. Be3 Qb7 20. g4 Qxd5 21. gxh5 Nxf3 22. Nxf3 Qxf3 23. Bd3 Qxh5 24. Bg5 Rfe8 25. Qf4 Qg4 26. Qxg4 Bxg4 27. Bxe7 d5 28. Bg5 Bf3 29. Rhf1 Be4 30. Bxe4 Rxe4 31. Rd1 Re2 32. Rxd5 Rcxc2 33. Rd8+ Kh7 34. Bc1 Rc7 35. Rd5 Rh2 36. Rxa5 Rxh4 37. Rb5 f5 38. Rb6 Rg4 39. Rh1+ Kg8 40. Rb8+ Kf7 41. Rd1 Bf6 42. Rb6 Kg7 43. Be3 Rg2 44. Rxb4 g5 45. a4 f4 46. Bb6 Rcc2 47. Bd4 Bxd4 48. Rdxd4 Rge2 49. Rb6 Rcd2 50. Rc4 Rd7 51. Rc5 Rg2 52. a5 f3 53. Rf5 Rf7 54. Rxf7+ Kxf7 55. a6 f2 56. a7 f1=Q+ 57. Ka2 Qc4+ 58. Rb3 Rg3 0-1

[Event "December 12 Early 2023"]
[Site "https://www.chess.com"]
[Date "2023.12.12"]
[Round "10"]
[White "Seemann, Jakub"]
[Black "Lysyj, Igor"]
[Result "0-1"]
[Board "25"]
[TimeControl "180+1"]
[WhiteFideId "21874697"]
[BlackFideId "4150120"]
[WhiteElo "2664"]
[BlackElo "2813"]
[WhiteTeam "POL"]
[BlackTeam "FID"]
[WhiteClock "0:00:00"]
[BlackClock "0:00:59"]

1. e4 e5 2. Nf3 Nc6 3. d4 exd4 4. Nxd4 Nf6 5. Nxc6 bxc6 6. Bd3 d5 7. exd5 cxd5 8. O-O Be7 9. c4 O-O 10. Nc3 d4 11. Ne4 Nxe4 12. Bxe4 Rb8 13. Qd3 h6 14. b3 c5 15. Bf4 Bd6 16. Qg3 Rb6 17. Rfe1 Be6 18. Bd3 Bxf4 19. Qxf4 Qf6 20. Qc7 Bf5 21. Bxf5 Qxf5 22. Re5 Rc6 23. Qe7 Qc2 24. Rae1 g6 25. Rxc5 Rxc5 26. Qxc5 d3 27. Qd5 d2 28. Rf1 Re8 0-1

[Event "December 12 Early 2023"]
[Site "https://www.chess.com"]
[Date "2023.12.12"]
[Round "10"]
[White "Kokoszczynski, Jan"]
[Black "Mikhailovsky, Vladimir"]
[Result "0-1"]
[Board "26"]
[TimeControl "180+1"]
[WhiteFideId "1174460"]
[BlackFideId "34105414"]
[WhiteElo "2651"]
[BlackElo "2796"]
[WhiteTeam "POL"]
[BlackTeam "RUS"]
[WhiteClock "0:00:00"]
[BlackClock "0:01:10"]

1. e4 e5 2. Nf3 d5 3. d4 dxe4 4. Nxe5 Bd6 5. Nc3 Bxe5 6. dxe5 Qxd1+ 7. Kxd1 Bf5 8. Bf4 Nc6 9. Bb5 O-O-O+ 10. Ke1 Nd4 11. Ba4 Ne7 12. Rd1 Ng6 13. Be3 Ne6 14. Nd5 c6 15. Nc3 b5 16. Bb3 Kb7 17. a4 a6 18. axb5 axb5 19. h3 h5 20. Ke2 Nxe5 21. Ra1 Ra8 22. Rxa8 Rxa8 23. Rd1 Kc7 24. Bxe6 Bxe6 25. Bf4 f6 26. Bxe5+ fxe5 27. Nxe4 Ra2 28. Rb1 Bf5 29. Ke3 Kb6 30. f3 h4 31. Kd3 Ra4 32. b3 Ra2 33. Re1 b4 34. Kd2 Kb5 35. Re3 Bg6 36. Re2 c5 37. Nd6+ Kc6 0-1

[Event "December 12 Early 2023"]
[Site "https://www.chess.com"]
[Date "2023.12.12"]
[Round "10"]
[White "Mamedov, Edgar"]
[Black "Manukyan, Sargis A."]
[Result "1-0"]
[Board "27"]
[TimeControl "180+1"]
[WhiteFideId "13739980"]
[BlackFideId "13303970"]
[WhiteElo "2793"]
[BlackElo "2649"]
[WhiteTeam "KAZ"]
[BlackTeam "ARM"]
[WhiteClock "0:00:35"]
[BlackClock "0:00:05"]

1. d4 d5 2. Nf3 Nf6 3. a3 e6 4. g3 c5 5. dxc5 Bxc5 6. b4 Be7 7. Bb2 O-O 8. Bg2 a5 9. c3 b5 10. O-O a4 11. Nd4 Qb6 12. Nd2 Nbd7 13. c4 bxc4 14. Nxc4 Qc7 15. Rc1 Bd8 16. Na5 Qd6 17. Qxa4 Bxa5 18. bxa5 Nb6 19. Qb4 Qxb4 20. axb4 Nc4 21. Rxc4 e5 22. Nc6 Ba6 23. Rc2 e4 24. Bxf6 gxf6 25. Ne7+ Kg7 26. Nxd5 Rfe8 27. Nc7 Rac8 28. Nxe8+ Rxe8 29. Rc5 Bxe2 30. Re1 Bd3 31. Rc3 Rb8 32. Bxe4 Bb5 33. Bc6 Ba6 34. b5 Bc8 35. a6 Bxa6 36. bxa6 h5 37. a7 Rc8 38. a8=Q Rxa8 39. Bxa8 f5 40. f4 h4 41. Re5 hxg3 42. hxg3 f6 43. Rxf5 Kg6 44. Be4 Kh6 45. Rxf6+ Kg7 46. Rg6+ Kh8 47. Rc8+ 1-0

[Event "December 12 Early 2023"]
[Site "https://www.chess.com"]
[Date "2023.12.12"]
[Round "10"]
[White "Goh, Wei Ming Kevin"]
[Black "Sahib Singh"]
[Result "0-1"]
[Board "28"]
[TimeControl "180+1"]
[WhiteFideId "5800706"]
[BlackFideId "25618342"]
[WhiteElo "2772"]
[BlackElo "2641"]
[WhiteTeam "SGP"]
[BlackTeam "IND"]
[WhiteClock "0:00:00"]
[BlackClock "0:00:17"]

1. e4 e6 2. d4 d5 3. e5 c5 4. c3 Qb6 5. Nf3 Nc6 6. Bd3 cxd4 7. O-O Bd7 8. Re1 Nge7 9. h4 Rc8 10. Nbd2 dxc3 11. bxc3 Na5 12. Rb1 Qc7 13. c4 dxc4 14. Bc2 Nd5 15. Ne4 Be7 16. Nfg5 h6 17. Nxf7 Kxf7 18. Qh5+ Kg8 19. Qg6 Qxe5 20. Bb2 Nf4 21. Qg4 h5 22. Qf3 Qb8 23. Bc3 Nc6 24. Rbd1 Be8 25. Qg3 e5 26. Ng5 Bf6 27. Ne4 Rh6 28. Nd6 Bxh4 29. Qxh4 Rxd6 30. g3 Rxd1 31. Bxd1 Nd3 32. Re4 b5 33. Bxh5 Qd6 34. Rg4 Qe7 35. Qh3 Bd7 36. Bg6 Qf6 37. Qh7+ Kf8 38. Bf5 Bxf5 0-1